 Dungeon Crawl Stone Soup version 0.29-a0-330-g52719c12eb (webtiles) character file.

Game seed: 16202868222059245854

38 kae the Firebug (level 3, -1/20 HPs)
             Began as a Tengu Fire Elementalist on Apr 15, 2022.
             Slain by a worm (9 damage)
             ... on level 1 of the Dungeon.
             The game lasted 00:01:01 (1862 turns).

kae the Firebug (Tengu Fire Elementalist)           Turns: 1862, Time: 00:01:01

Health: -1/20      AC:  2    Str:  8    XL:     3   Next: 43%
Magic:  5/7        EV: 12    Int: 17    God:
Gold:   43         SH:  0    Dex: 14    Spells: 0/6 levels left

rFire   . . .      SeeInvis .   e - +0 spear
rCold   . . .      Faith    .   (no shield)
rNeg    . . .      Spirit   .   a - +0 robe
rPois   .          Reflect  .   (helmet restricted)
rElec   .          Harm     .   (no cloak)
rCorr   .          Rampage  .   (no gloves)
Will    +....                   (boots unavailable)
Stlth   ++........              (no amulet)
HPRegen 0.06/turn               f - ring of willpower
MPRegen 0.10/turn               (no ring)

@: no status effects
A: beak, talons 3
a: no special abilities


You were on level 1 of the Dungeon.
You visited 1 branch of the dungeon, and saw 2 of its levels.

You collected 43 gold pieces.

Inventory:

Hand Weapons
 e - a +0 spear (weapon)
Armour
 a - a +0 robe (worn)
Jewellery
 d - a ring of magical power
 f - a ring of willpower (left hand)
Scrolls
 c - a scroll of fear
 g - a scroll of fog
 j - a scroll of enchant armour {unknown}
Potions
 b - a potion of magic
 h - a potion of heal wounds {unknown}
 i - a potion of cancellation {unknown}


   Skills:
 + Level 1.0 Fighting
 + Level 2.5 Dodging
 - Level 2.0 Stealth
 + Level 2.2 Spellcasting
 + Level 2.2 Conjurations
 * Level 3.8 Fire Magic


You couldn't memorise any spells.
You knew the following spells:

 Your Spells              Type           Power      Damage    Failure   Level
a - Foxfire               Conj/Fire      48%        2x1d6     5%          1
b - Scorch                Fire           30%        2d7       6%          2
c - Conjure Flame         Conj/Fire      12%        6-21      16%         3

Your spell library contained the following spells:

 Spells                   Type           Power      Damage    Failure   Level
 Inner Flame              Hex/Fire       8%         N/A       26%         3
 Flame Wave               Conj/Fire      12%        2d6       47%         4


Dungeon Overview and Level Annotations

Branches:
Dungeon (2/15)

Altars:

Shops:
D:1 =


Innate Abilities, Weirdness & Mutations

You have a beak for a mouth.
You have claws for feet.


Message History

The worm barely misses you.
A dart slug comes into view.
Casting: Scorch (safe; 6% risk of failure)
Confirm with . or Enter, or press ? or * to list all spells.
You conjure some foxfire!
The foxfire hits the worm.
The worm is almost dead.
Your foxfire dissipates!
The worm is no longer more vulnerable to fire.
You see here 21 stones.
Casting: Foxfire (safe; 5% risk of failure)
Confirm with . or Enter, or press ? or * to list all spells.
You conjure some foxfire!
The foxfire hits the worm.
The worm is almost dead.
Your foxfire dissipates!
There is a stone staircase leading up here.
You climb upwards.
There is a stone staircase leading down here.
You start resting.
Magic restored.
HP restored.
You climb downwards.
The worm bites you!
There is a stone staircase leading up, spattered with blood here.
The dart slug bites you but does no damage.
You climb upwards.
There is a stone staircase leading down here.
The worm closely misses you.
There is an open door here.
Why would you want to do that?
You hit the dart slug. You peck the dart slug.
The dart slug is severely wounded.
The dart slug barely misses you.
Casting: Foxfire (safe; 5% risk of failure)
Confirm with . or Enter, or press ? or * to list all spells.
Flames lash the dart slug.
You kill the dart slug!
The worm bites you. The worm bites you!
You die...

#.♣###.###.#############.###...##
#....#.##................########
#....#.##........................
###..#.##........................
.###'#....≈≈≈≈≈≈≈≈≈≈≈≈≈≈≈≈≈≈≈≈≈≈≈
..........≈≈≈≈≈≈≈≈≈≈≈≈≈≈≈≈≈≈≈≈≈≈≈
.#........≈≈≈≈≈≈≈≈≈≈≈≈≈≈≈≈≈≈≈≈≈≈≈
.#.###....≈≈≈#+#'#≈≈≈≈≈≈≈#+#'#≈≈≈
..........≈≈≈'>w@##'###+##...'≈≈≈
..........≈≈≈'...#.......#...'≈≈≈
##........≈≈≈#'#'#.#####.###'#≈≈≈
.#..#......≈≈≈≈#...#...#...'≈≈≈≈≈
.........⌠..≈≈≈+.⌠.'.<.###.#≈≈≈≈≈
.#.......⌠..≈≈≈+.⌠.'...###.#≈≈≈≈≈
.##........≈≈≈≈#...#...#...'≈≈≈≈≈
.#####....≈≈≈#+###.#####.###'#≈≈≈
...# #....≈≈≈'...'.......+...'≈≈≈


You could see a worm.

Vanquished Creatures
  2 worms (D:2)
  2 dart slugs (D:1)
  2 ball pythons
  An endoplasm (D:1)
  2 giant cockroaches (D:2)
  A goblin (D:1)
  5 hobgoblins
  4 bats (D:1)
  3 frilled lizards (D:1)
  6 rats
28 creatures vanquished.

Vanquished Creatures (others)
  80 foxfires
80 creatures vanquished.

Grand Total: 108 creatures vanquished

Notes
Turn   | Place    | Note
-------+----------+-------------------------------------------
     0 | D:1      | kae the Tengu Fire Elementalist began the quest for the
                  | Orb.
     0 | D:1      | Reached XP level 1. HP: 10/10 MP: 4/4
   218 | D:1      | Reached XP level 2. HP: 15/15 MP: 1/6
   884 | D:1      | Found Jorigegh's Jewellery Boutique.
  1321 | D:2      | Reached XP level 3. HP: 19/20 MP: 7/7
  1325 | D:2      | Learned a level 2 spell: Scorch
  1329 | D:2      | Learned a level 3 spell: Conjure Flame
  1440 | D:2      | Reached skill level 1 in Fighting
  1862 | D:1      | Slain by a worm

Illustrated notes

Levels and vault maps discovered:
D:1:      dpeg_arrival_castle, layout_basic, serial_shops, nicolae_shop_trees,
          st_stairs_7, chequers_serial_rivers_micro_a,
          chequers_serial_rivers_large_a, kennysheep_nondescript,
          ebering_dispersal_statue_hall, chequers_serial_rivers_room_b,
          minmay_liquid_box, minmay_misc_feat_rugged, minmay_domino_2
D:2:      layout_loops_ring

Skill      XL: |  1  2  3 |
---------------+----------+-----
Conjurations   | 2 |  2.2
Fighting       | 1 |  1.0
Dodging        | |  2.5
Stealth        | |  2.0
Spellcasting   | |  2.2
Fire Magic     | |  3.8

Action                   || total
-------------------------++-------
Melee: Spear             ||    28
       Kick              ||     7
       Unarmed           ||     3
       Peck              ||     6
 Cast: Foxfire           ||    47
       Scorch            ||     3
  Use: Scroll            ||     2
 Stab: Sleeping          ||     1
Armor: Robe              ||     7
Dodge: Dodged            ||    24

Table legend: (Time is in decaauts)
 A = Elapsed time spent in this place.
 B = Non-inter-level travel time spent in this place.
 C = Inter-level travel time spent in this place.
 D = Time resting spent in this place.
 E = Time spent auto-exploring this place.
 F = Levels seen in this place.
 G = Mean time per level.
                   A        B        C        D        E       F      G
               +--------+--------+--------+--------+--------+-----+--------+
         Total |   1890 |   1871 |     19 |    223 |   1371 |   2 |  945.0 |
       Dungeon |   1890 |   1871 |     19 |    223 |   1371 |   2 |  945.0 |
               +--------+--------+--------+--------+--------+-----+--------+

Top non-repeatable levels by time:
     D:1: 1565 daAuts
     D:2: 324 daAuts
